 Dungeon Crawl Stone Soup version 0.32-a0-306-gfed3edf829 (webtiles) character file.

Game seed: 6009241269045501539

123 MachoJfn the Chopper (level 4, -1/34 HPs)
             Began as a Demonspawn Gladiator on Feb 14, 2024.
             Slain by a gnoll
             ... wielding a +0 halberd
              (12 damage)
             ... on level 2 of the Dungeon.
             The game lasted 00:03:51 (1361 turns).

MachoJfn the Chopper (Demonspawn Gladiator)         Turns: 1361, Time: 00:03:51

Health: -1/34      AC:  5    Str: 16    XL:     4   Next: 80%
Magic:  4/4        EV: 13    Int:  9    God:
Gold:   28         SH:  0    Dex: 20    Spells: 3/3 levels left

rFire   . . .        a - +0 war axe
rCold   . . .        (no shield)
rNeg    . . .        b - +0 leather armour
rPois   .            (helmet restricted)
rElec   .            (no cloak)
rCorr   .            (no gloves)
SInv    .            (no boots)
Will    .....        (no amulet)
Stlth   ++           k - +6 ring of dexterity
HPRegen 0.25/turn    (no ring)
MPRegen 0.09/turn

%: no passive effects
@: no status effects
A: antennae 1, molten scales 1, powered by pain 1
a: no special abilities


You were on level 2 of the Dungeon.
You visited 1 branch of the dungeon, and saw 2 of its levels.

You collected 28 gold pieces.

Inventory:

Hand Weapons
 a - a +0 war axe (weapon)
Missiles
 d - 3 throwing nets (quivered)
 e - a javelin
 h - 6 stones
Armour
 b - a +0 leather armour (worn)
Jewellery
 k - a +6 ring of dexterity (left hand)
Scrolls
 g - a scroll of poison {unknown}
 i - a scroll of teleportation {unknown}
 j - a scroll of blinking {unknown}
 m - a scroll of brand weapon {unknown}
Potions
 c - a potion of ambrosia
 l - a potion of curing


   Skills:
 + Level 2.4 Fighting
 + Level 4.0 Axes
 - Level 1.7 Throwing
 + Level 1.1 Armour
 + Level 3.3 Dodging
 - Level 0.5 Stealth


You had 3 spell levels left.
You didn't know any spells.
Your spell library contained the following spells:

 Spells                   Type           Power      Damage    Failure   Level
 Stone Arrow              Conj/Erth      0%         3d7       83%         3
 Animate Armour           Summ/Erth      0%         N/A       99%         4
 Lehudib's Crystal Spear  Conj/Erth      0%         10d2      100%        8


Dungeon Overview and Level Annotations

Branches:
Dungeon (2/15)

Altars:

Shops:
D:1 :=(?*


Innate Abilities, Weirdness & Mutations

You have a pair of small antennae on your head.
You are partially covered in molten scales. (AC +2)
You sometimes gain a little power by taking damage.


Message History

The ribbon worm bites you.
You slash the ribbon worm!
The ribbon worm is almost dead.
The ribbon worm closely misses you.
You hit the ribbon worm.
You kill the ribbon worm!
A gnoll comes into view. It is wielding a +0 flail.
You closely miss the gnoll. The gnoll misses you.
You hit the gnoll.
The gnoll is moderately wounded.
The gnoll barely misses you.
You closely miss the gnoll.
The gnoll is moderately wounded.
The gnoll closely misses you.
You hit the gnoll.
The gnoll is heavily wounded.
The gnoll barely misses you. The gnoll misses you.
You hit the gnoll.
The gnoll is severely wounded.
The gnoll barely misses you.
You slash the gnoll!
You kill the gnoll!
Your Axes skill increases to level 4! 2 gnolls come into view.
Things that are here:
a +0 flail; a ribbon worm corpse The gnoll shouts! x2; You hear a shout!
You slash the gnoll!
The gnoll is severely wounded.
The gnoll hits you with a +0 whip.
A gnoll comes into view. It is wielding a +0 halberd.
The gnoll hits you but does no damage.
The gnoll hits you from afar with a +0 halberd!
You slash the gnoll!
You kill the gnoll!
You hit the gnoll.
The gnoll is lightly wounded.
The gnoll hits you with a +0 flail!
The gnoll hits you from afar with a +0 halberd!
You die...

#.##.## .# #.##.#
.#
#.##.######.###.###
#.##†##....#.......
#.##.##.###.#
#.##.##.###.#
#........†..#
#)#####.###.....#
#.@gg.#.# #######
#####.#.$ ,####


You could see 2 gnolls.

Vanquished Creatures
  2 gnolls (D:2)
  2 adders (D:2)
  A dart slug (D:1)
  A ribbon worm (D:2)
  6 bats
  8 endoplasms
  3 giant cockroaches
  A hobgoblin (D:1)
  4 jackals (D:1)
  10 kobolds
  A quokka (D:1)
  3 ball pythons (D:2)
  A frilled lizard (D:1)
  4 rats
47 creatures vanquished.

Notes
Turn   | Place    | Note
-------+----------+-------------------------------------------
     0 | D:1      | MachoJfn the Demonspawn Gladiator began the quest for the
                  | Orb.
     0 | D:1      | Reached XP level 1. HP: 16/16 MP: 1/1
    49 | D:1      | Found Raeritum's Magic Scroll Shoppe.
    62 | D:1      | Reached skill level 3 in Axes
    62 | D:1      | Gained mutation: You have a pair of small antennae on your
                  | head. [demonic ancestry]
    62 | D:1      | Reached XP level 2. HP: 20/22 MP: 2/2
   201 | D:1      | Found Budor's Assorted Antiques.
   301 | D:1      | Found Suaf's Antique Weapon Shoppe.
   531 | D:1      | Gained mutation: You are partially covered in molten
                  | scales. (AC +2) [demonic ancestry]
   531 | D:1      | Reached XP level 3. HP: 21/27 MP: 3/3
   619 | D:1      | Found Tokausio's Jewellery Shoppe.
   803 | D:1      | Found Olazes's Book Shoppe.
  1042 | D:2      | Gained mutation: You sometimes gain a little power by
                  | taking damage. [demonic ancestry]
  1042 | D:2      | Reached XP level 4. HP: 33/33 MP: 4/4
  1139 | D:2      | Reached skill level 1 in Armour
  1355 | D:2      | Reached skill level 4 in Axes
  1361 | D:2      | Slain by a gnoll

Illustrated notes

Levels and vault maps discovered:
D:1:      psy_arrival_conway, layout_basic, serial_shops,
          nicolae_shop_tiny_statue_garden, shop, shop_statue,
          nicolae_shop_stone, shop, ebering_dispersal_statue_hall,
          hangedman_decor_push
D:2:      layout_loops_ring

Skill      XL: |  1  2  3  4 |
---------------+-------------+-----
Dodging        | 3 |  3.3
Axes           | 3 4 |  4.0
Armour         | 1 |  1.1
Fighting       | |  2.4
Throwing       | |  1.7
Stealth        | |  0.5

Action                     |  1- 3 |  4- 6 || total
---------------------------+-------+-------++-------
  Melee: War axe           |    74 |    48 ||   122
    Use: Scroll            |     1 |     1 ||     2
   Stab: Sleeping          |     2 |     2 ||     4
 Armour: Leather armour    |    57 |    27 ||    84
  Dodge: Dodged            |    73 |    42 ||   115

Table legend: (Time is in decaauts)
 A = Elapsed time spent in this place.
 B = Non-inter-level travel time spent in this place.
 C = Inter-level travel time spent in this place.
 D = Time resting spent in this place.
 E = Time spent auto-exploring this place.
 F = Levels seen in this place.
 G = Mean time per level.
                   A        B        C        D        E       F      G
               +--------+--------+--------+--------+--------+-----+--------+
         Total |   1404 |   1243 |    161 |    196 |    679 |   2 |  702.0 |
       Dungeon |   1404 |   1243 |    161 |    196 |    679 |   2 |  702.0 |
               +--------+--------+--------+--------+--------+-----+--------+

Top non-repeatable levels by time:
     D:1: 1013 daAuts
     D:2: 390 daAuts
